 Dungeon Crawl Stone Soup version 0.32-a0-814-g0968bab981 (webtiles) character file.

Game seed: 16178171249221871389

387 warriortoast the Ruffian (level 6, -4/63 HPs)
             Began as an Octopode Shapeshifter on Mar 22, 2024.
             Slain by HilariousDeathArtist's ghost (7 damage)
             ... on level 3 of the Dungeon.
             The game lasted 00:04:16 (2419 turns).

warriortoast the Ruffian (Octopode Shapeshifter)    Turns: 2419, Time: 00:04:17

Health: -4/63      AC: 23    Str: 16    XL:     6   Next: 78%
Magic:  6/6        EV:  2    Int: 12    God:
Gold:   204        SH:  0    Dex: 11    Spells: 5/5 levels left

rFire   . .          .
                       - Unarmed
rCold   . . .        (no shield)
rNeg    . . .        (helmet currently unavailable)
rPois   +            (no amulet)
rElec   .            k - +5 ring of evasion
rCorr   .            m - ring of see invisible
SInv    +            (no ring)
Will    .....        (no ring)
Stlth   ++           (no ring)
HPRegen 0.30/turn    (no ring)
MPRegen 0.10/turn    (no ring)
                     (no ring)

%: no passive effects
@: tree-form
A: stationary, stasis, torment immunity, boosted hp, almost no armour,
(amphibious), 8 rings, (camouflage 1), (gelatinous body 1), (nimble swimmer 1),
(tentacles)
a: no special abilities


You were on level 3 of the Dungeon.
You were a tree.
You visited 1 branch of the dungeon, and saw 3 of its levels.

You collected 204 gold pieces.

Inventory:

Jewellery
 j - a ring of magical power
 k - a +5 ring of evasion (left branch)
 m - a ring of see invisible (right branch)
Talismans
 b - a beast talisman (active)
 c - a flux talisman
Wands
 a - a wand of paralysis (11)
Potions
 d - a potion of degeneration
 f - a potion of resistance
 i - a potion of heal wounds {unknown}


   Skills:
 + Level 3.3 Fighting
 - Level 2.2 Dodging
 + Level 4.3 Stealth
 + Level 4.4 Unarmed Combat
 + Level 4.2 Shapeshifting


You had 5 spell levels left.
You didn't know any spells.
Your spell library contained the following spells:

 Spells                   Type           Power      Damage    Failure   Level
 Sandblast                Erth           0%         2d4       32%         1
 Summon Small Mammal      Summ           0%         N/A       32%         1
 Call Imp                 Summ           0%         N/A       45%         2
 Ensorcelled Hibernation  Hex/Ice        0%         N/A       45%         2
 Call Canine Familiar     Summ           0%         N/A       69%         3
 Fugue of the Fallen      Necr           0%         N/A       69%         3
 Stone Arrow              Conj/Erth      0%         3d7       69%         3
 Anguish                  Hex/Necr       0%         N/A       97%         4
 Brom's Barrelling Bould  Conj/Erth      0%         2d3       97%         4
 Olgreb's Toxic Radiance  Alch           0%         N/A       97%         4
 Alistair's Intoxication  Alch           0%         N/A       100%        5
 Yara's Violent Unravell  Hex/Alch       0%         3d3       100%        5
 Monstrous Menagerie      Summ           0%         N/A       100%        7
 Dragon's Call            Summ           0%         N/A       100%        9


Dungeon Overview and Level Annotations

Branches:
Dungeon (3/15)

Altars:

Annotations:
D:3 HilariousDeathArtist's ghost, amateur TrRe


Innate Abilities, Weirdness & Mutations

You are a tree.
Your roots penetrate the ground, keeping you stationary.
You cannot be teleported.
You are immune to unholy pain and torment.
Your maximum health is greatly increased.
You cannot wear most types of armour.
((You are amphibious.))
You can wear up to eight rings at the same time.
((Your skin changes colour to match your surroundings (Stealth+).))
((Your rubbery body absorbs attacks. (AC +1, EV +1)))
((You are camouflaged when in or above water. (Stealth+)))
((You have tentacles for arms and can constrict up to eight enemies at once.))


Message History

* * * LOW HITPOINT WARNING * * *
The centaur skeleton barely misses you. x2
You barely miss HilariousDeathArtist's ghost.
HilariousDeathArtist's ghost is moderately damaged.
HilariousDeathArtist's ghost hits you but does no damage.
The centaur skeleton hits you.
* * * LOW HITPOINT WARNING * * *
The centaur skeleton kicks you but does no damage.
You smack HilariousDeathArtist's ghost!
HilariousDeathArtist's ghost is severely damaged.
The centaur skeleton hits you but does no damage.
The centaur skeleton barely misses you.
HilariousDeathArtist's ghost hits you but does no damage.
You hit HilariousDeathArtist's ghost.
HilariousDeathArtist's ghost is severely damaged.
The centaur skeleton barely misses you.
The centaur skeleton kicks you but does no damage.
HilariousDeathArtist's ghost hits you but does no damage.
You smack HilariousDeathArtist's ghost!
HilariousDeathArtist's ghost is almost destroyed.
The centaur skeleton hits you but does no damage.
The centaur skeleton kicks you but does no damage.
HilariousDeathArtist's ghost hits you.
* * * LOW HITPOINT WARNING * * *
You hit HilariousDeathArtist's ghost but do no damage.
HilariousDeathArtist's ghost is almost destroyed.
The centaur skeleton hits you but does no damage.
The centaur skeleton kicks you.
* * * LOW HITPOINT WARNING * * *
The centaur skeleton hits you but does no damage.
The centaur skeleton kicks you but does no damage.
HilariousDeathArtist's ghost hits you but does no damage.
You hit HilariousDeathArtist's ghost.
HilariousDeathArtist's ghost is almost destroyed.
The centaur skeleton hits you but does no damage.
The centaur skeleton kicks you but does no damage.
You closely miss HilariousDeathArtist's ghost.
HilariousDeathArtist's ghost is almost destroyed.
HilariousDeathArtist's ghost hits you!
You die...

.# ####.....##.................#
.# ##[...######.................#
####..#### #....#############..#
#..## ###.#..#©..........#..#
#.## ##...#..#...........#..#
###.######..###..#..###.###..#..#
...÷.......###...#Z.#ß#.#ß#..#..#
..#÷............W#Z..........#..#
#.......###.....♣#5....©.....#§..
..#.###.###.###Z.#$..........#...
.................#..#ß#.#ß#..#...
##.####....####..#..###.###..#...
...# ###...<....#...........#...
.######...#####..#...........#...
...........# #..#############...
##.........# #..................
#..<......# #..................


You could see HilariousDeathArtist's ghost, a shadow imp, a bullfrog zombie, a
bullfrog skeleton and a centaur skeleton.

Vanquished Creatures
  Grinder (D:3)
  Natasha (thrice) (D:3)
  A gnoll (D:1)
  4 adders
  A white imp (D:3)
  A ribbon worm (D:3)
  3 dart slugs
  5 endoplasms
  5 giant cockroaches
  2 hobgoblins (D:3)
  2 ball pythons
  5 bats
  5 frilled lizards
  4 goblins
  3 kobolds
  6 rats
51 creatures vanquished.

Notes
Turn   | Place    | Note
-------+----------+-------------------------------------------
     0 | D:1      | warriortoast the Octopode Shapeshifter began the quest for
                  | the Orb.
     0 | D:1      | Reached XP level 1. HP: 13/13 MP: 1/1
    47 | D:1      | Reached XP level 2. HP: 8/18 MP: 2/2
   480 | D:1      | Reached XP level 3. HP: 21/23 MP: 3/3
   701 | D:1      | Reached skill level 1 in Stealth
   897 | D:2      | You fall into a shaft and drop 1 floor!
   899 | D:3      | Got the Cyclopedia of Mustered Impurities
   937 | D:3      | Noticed Natasha
   945 | D:3      | Killed Natasha
   946 | D:3      | Reached XP level 4. HP: 29/29 MP: 4/4
   949 | D:3      | Got the Codex of the Comitatus
   990 | D:3      | Found a transporter.
  1494 | D:2      | Found a faded altar of an unknown god.
  1838 | D:3      | Noticed Natasha
  1848 | D:3      | Killed Natasha
  1849 | D:3      | Reached XP level 5. HP: 35/35 MP: 5/5
  1871 | D:3      | Noticed Natasha
  1877 | D:3      | Killed Natasha
  2144 | D:3      | Noticed Grinder
  2159 | D:3      | Killed Grinder
  2160 | D:3      | Reached XP level 6. HP: 42/42 MP: 6/6
  2222 | D:3      | Found a transporter.
  2226 | D:3      | Noticed HilariousDeathArtist's ghost (amateur TrRe)
  2417 | D:3      | HP: 3/63 [centaur skeleton (2)]
  2419 | D:3      | Slain by HilariousDeathArtist's ghost

Illustrated notes

Levels and vault maps discovered:
D:1:      evilmike_arrival_crescent, layout_loops_ring,
          kennysheep_decorative_pillar
D:2:      layout_basic, hellmonk_ecumenical_altar_heavens_door
D:3:      layout_rooms, gammafunk_ghost_mausoleum,
          minmay_misc_feat_four_crosses, uniq_natasha, uniq_grinder

Skill      XL: |  1  2  3  4  5 |
---------------+----------------+-----
Stealth        | 2 4 |  4.3
Fighting       | 2 3 |  3.3
Unarmed Combat | 4 |  4.4
Shapeshifting  | 4 |  4.2
Dodging        | |  2.2

Action                     |  1- 3 |  4- 6 || total
---------------------------+-------+-------++-------
  Melee: Unarmed           |    45 |    62 ||   107
         Tentacles         |    12 |     5 ||    17
         Constrict         |    11 |    12 ||    23
         Punch             |     2 |     2 ||     4
    Use: Potion            |       |     2 ||     2
         Scroll            |       |     7 ||     7
   Stab: Sleeping          |     8 |     6 ||    14
 Armour: Skin              |    12 |    58 ||    70
  Dodge: Dodged            |    19 |    34 ||    53

Table legend: (Time is in decaauts)
 A = Elapsed time spent in this place.
 B = Non-inter-level travel time spent in this place.
 C = Inter-level travel time spent in this place.
 D = Time resting spent in this place.
 E = Time spent auto-exploring this place.
 F = Levels seen in this place.
 G = Mean time per level.
                   A        B        C        D        E       F      G
               +--------+--------+--------+--------+--------+-----+--------+
         Total |   2409 |   2368 |     41 |    288 |   1646 |   3 |  803.0 |
       Dungeon |   2409 |   2368 |     41 |    288 |   1646 |   3 |  803.0 |
               +--------+--------+--------+--------+--------+-----+--------+

Top non-repeatable levels by time:
     D:3: 897 daAuts
     D:1: 812 daAuts
     D:2: 699 daAuts
